3AAA
MONONGAHELA MONSTERS @ SUNSET DISTRICT FOG
05/27/2042
 
TOP OF THE 1ST
Monongahela Monsters batting - Pitching for Sunset District Fog : RHP Mark Walker
Pitching: RHP Mark Walker
Batting: LHB António Muñóz 0-0: Called Strike
0-1: Called Strike
0-2: Foul Ball, location: 2F
0-2: Ball
1-2: Foul Ball, location: 2F
1-2: Ball
2-2: Ground out U3 (Groundball, 3, EV 97.5 MPH)
Batting: RHB Román García 0-0: Ball
1-0: Ball
2-0: Called Strike
2-1: Ball
3-1: Fly out, F6 (Popup, 15S, EV 80.0 MPH)
Batting: RHB Richello Oliva 0-0: Called Strike
0-1: Fly out, F8 (Flyball, 8LD, EV 95.0 MPH)
Top of the 1st over - 0 runs, 0 hits, 0 errors, 0 left on base; Monongahela 0 - Sunset District 0
BOTTOM OF THE 1ST
Sunset District Fog batting - Pitching for Monongahela Monsters : RHP Ean Somoza
Pitching: RHP Ean Somoza
Batting: LHB Dallas Ihde 0-0: Ball
1-0: Called Strike
1-1: Ball
2-1: Foul Ball, location: 2F
2-2: Foul Ball, location: 2F
2-2: Ball
3-2: Base on Balls
Batting: RHB A.T. Tappman 0-0: Called Strike
0-1: Called Strike
0-2: Ball
1-2: Ground out 3-1 (Groundball, 34S, EV 73.8 MPH)
Dallas Ihde to second
Batting: LHB Dan Hines 0-0: Called Strike
0-1: Ball
1-1: Called Strike
1-2: Strikes out swinging
Batting: LHB Flint Myers 0-0: Called Strike
0-1: DOUBLE (Line Drive, 78M, EV 96.2 MPH)
Dallas Ihde scores
Batting: LHB Juan Fuentes 0-0: Ball
1-0: Called Strike
1-1: Called Strike
1-2: Foul Ball, location: 2F
1-2: SINGLE (Groundball, 34D, EV 95.6 MPH)
Flint Myers to third
Runner from 3rd tries for Home, SAFE, no throw by RF
Batting: LHB Jorge Peniche 0-0: Called Strike
0-1: Foul Ball, location: 2F
0-2: Ball
1-2: Strikes out swinging
Bottom of the 1st over - 2 runs, 2 hits, 0 errors, 1 left on base; Monongahela 0 - Sunset District 2
TOP OF THE 2ND
Monongahela Monsters batting - Pitching for Sunset District Fog : RHP Mark Walker
Batting: SHB Roger Dorn 0-0: Called Strike
0-1: Fly out, F7 (Flyball, 7LM, EV 88.8 MPH)
Batting: RHB Li-ren Ku 0-0: Fly out, F8 (Flyball, 8RM, EV 81.9 MPH)
Batting: LHB George Runnalls 0-0: Ball
1-0: Ball
2-0: Fly out, F9 (Flyball, 89S, EV 85.6 MPH)
Top of the 2nd over - 0 runs, 0 hits, 0 errors, 0 left on base; Monongahela 0 - Sunset District 2
BOTTOM OF THE 2ND
Sunset District Fog batting - Pitching for Monongahela Monsters : RHP Ean Somoza
Batting: SHB Yoshitaka Yoshida 0-0: Ball
1-0: Ball
2-0: Called Strike
2-1: Foul Ball, location: 2F
2-2: Strikes out swinging
Batting: RHB Nicodemo Nardone 0-0: Ball
1-0: Swinging Strike
1-1: SINGLE (Flyball, 9S, EV 90.0 MPH)
Batting: RHB Denis Taylor 0-0: Ball
1-0: Foul Ball, location: 2F
1-1: SINGLE (Groundball, 34D, EV 96.9 MPH)
Nicodemo Nardone to second
Runner from 2nd tries for 3rd, SAFE, throw by RF made to third
Batting: LHB Dallas Ihde 0-0: Ball
1-0: Called Strike
1-1: DOUBLE (Flyball, 89XD, EV 98.8 MPH)
Nicodemo Nardone scores
Denis Taylor to third
Batting: RHB A.T. Tappman 0-0: Ball
1-0: Ground out 1-3 (Groundball, P, EV 91.9 MPH)
Batting: LHB Dan Hines 0-0: Ball
1-0: Ball
2-0: Foul Ball, location: 2F
2-1: Foul Ball, location: 2F
2-2: Foul Ball, location: 2F
2-2: Strikes out swinging
Bottom of the 2nd over - 1 run, 3 hits, 0 errors, 2 left on base; Monongahela 0 - Sunset District 3
TOP OF THE 3RD
Monongahela Monsters batting - Pitching for Sunset District Fog : RHP Mark Walker
Batting: RHB Colt Allen 0-0: Ball
1-0: Called Strike
1-1: Swinging Strike
1-2: Strikes out swinging
Batting: SHB Ron Carlisle 0-0: Ball
1-0: Foul Ball, location: 2F
1-1: Foul Ball, location: 2F
1-2: Foul Ball, location: 2F
1-2: Fly out, F4 (Line Drive, 4, EV 71.2 MPH)
Batting: LHB Abraham Ruenuitz 0-0: Ball
1-0: SINGLE (Groundball, 4D, EV 97.5 MPH)
Batting: LHB António Muñóz 0-0: Ball
1-0: Ball
2-0: Called Strike
2-1: Swinging Strike
2-2: Foul Ball, location: 2F
2-2: Strikes out swinging
Top of the 3rd over - 0 runs, 1 hit, 0 errors, 1 left on base; Monongahela 0 - Sunset District 3
BOTTOM OF THE 3RD
Sunset District Fog batting - Pitching for Monongahela Monsters : RHP Ean Somoza
Batting: LHB Flint Myers 0-0: Ball
1-0: Ball
2-0: Ball
3-0: Base on Balls
Batting: LHB Juan Fuentes 0-0: Foul Ball, location: 2F
0-1: Ball
1-1: Called Strike
1-2: Strikes out swinging
Batting: LHB Jorge Peniche 0-0: Called Strike
0-1: Fly out, F8 (Line Drive, 8RD, EV 90.6 MPH)
Batting: SHB Yoshitaka Yoshida 0-0: Ground out 3-1 (Groundball, 3, EV 82.5 MPH)
Bottom of the 3rd over - 0 runs, 0 hits, 0 errors, 1 left on base; Monongahela 0 - Sunset District 3
TOP OF THE 4TH
Monongahela Monsters batting - Pitching for Sunset District Fog : RHP Mark Walker
Batting: RHB Román García 0-0: Ball
1-0: Ball
2-0: Ball
3-0: Called Strike
3-1: Swinging Strike
3-2: Fly out, F3 (Popup, 34, EV 64.4 MPH)
Batting: RHB Richello Oliva 0-0: Ball
1-0: Ball
2-0: Ground out 5-3 (Groundball, 5S, EV 84.4 MPH)
Batting: SHB Roger Dorn 0-0: Ball
1-0: Ground out 1-3 (Groundball, 13, EV 81.2 MPH)
Top of the 4th over - 0 runs, 0 hits, 0 errors, 0 left on base; Monongahela 0 - Sunset District 3
BOTTOM OF THE 4TH
Sunset District Fog batting - Pitching for Monongahela Monsters : RHP Ean Somoza
Batting: RHB Nicodemo Nardone 0-0: Called Strike
0-1: Ball
1-1: Ball
2-1: Called Strike
2-2: Fly out, F8 (Line Drive, 8LD, EV 113.1 MPH)
Batting: RHB Denis Taylor 0-0: Foul Ball, location: 2F
0-1: Ball
1-1: Ground out 6-3 (Groundball, 4M, EV 101.9 MPH)
Batting: LHB Dallas Ihde 0-0: Ball
1-0: Ball
2-0: Foul Ball, location: 2F
2-1: Ball
3-1: Base on Balls
Batting: RHB A.T. Tappman 0-0: Ball
1-0: Called Strike
1-1: Ball
Pickoff Throw to First - Out! 1-3
Bottom of the 4th over - 0 runs, 0 hits, 0 errors, 0 left on base; Monongahela 0 - Sunset District 3
TOP OF THE 5TH
Monongahela Monsters batting - Pitching for Sunset District Fog : RHP Mark Walker
Batting: RHB Li-ren Ku 0-0: Called Strike
0-1: Foul Ball, location: 2F
0-2: Strikes out swinging
Batting: LHB George Runnalls 0-0: Foul Ball, location: 2F
0-1: Ball
1-1: Ground out 2-3 (Groundball, 2L, EV 70.0 MPH)
Batting: RHB Colt Allen 0-0: Ball
1-0: Ball
2-0: Ball
3-0: Called Strike
3-1: Base on Balls
Batting: SHB Ron Carlisle 0-0: Ball
1-0: Called Strike
Colt Allen steals 2nd base
1-1: Foul Ball, location: 2F
1-2: Fly out, F8 (Line Drive, 8LM, EV 105.0 MPH)
Top of the 5th over - 0 runs, 0 hits, 0 errors, 1 left on base; Monongahela 0 - Sunset District 3
BOTTOM OF THE 5TH
Sunset District Fog batting - Pitching for Monongahela Monsters : RHP Ean Somoza
Batting: RHB A.T. Tappman 0-0: Called Strike
0-1: Ball
1-1: Reached on error, E5 (Groundball, 56S, EV 86.2 MPH)
Batting: LHB Dan Hines 0-0: Ground out U3 (Groundball, 3, EV 103.1 MPH)
A.T. Tappman to second
Batting: LHB Flint Myers 0-0: Called Strike
0-1: Ball
1-1: Called Strike
1-2: Ground out 4-3 (Groundball, 4, EV 108.1 MPH)
A.T. Tappman to third
Batting: LHB Juan Fuentes 0-0: Ball
1-0: Swinging Strike
1-1: Ball
2-1: Swinging Strike
2-2: Foul Ball, location: 2F
2-2: Strikes out swinging
Bottom of the 5th over - 0 runs, 0 hits, 1 error, 1 left on base; Monongahela 0 - Sunset District 3
TOP OF THE 6TH
Monongahela Monsters batting - Pitching for Sunset District Fog : RHP Mark Walker
Batting: LHB Abraham Ruenuitz 0-0: Ball
1-0: Ball
2-0: Ball
3-0: Called Strike
3-1: Ground out 1-3 (Groundball, 13S, EV 63.8 MPH)
Batting: LHB António Muñóz 0-0: Ground out 6-3 (Groundball, 6S, EV 91.2 MPH)
Batting: RHB Román García 0-0: SINGLE (Line Drive, 8LS, EV 91.2 MPH)
Batting: RHB Richello Oliva 0-0: Ball
1-0: Foul Ball, location: 2F
1-1: Ball
2-1: DOUBLE (Flyball, 8LXD, EV 95.0 MPH)
Román García to third
Runner from 3rd tries for Home, SAFE, no throw by CF
Batting: SHB Roger Dorn 0-0: Ball
1-0: Called Strike
1-1: Ball
2-1: SINGLE (Line Drive, 78S, EV 107.5 MPH)
Richello Oliva to third
Batting: RHB Li-ren Ku 0-0: Called Strike
0-1: SINGLE (Groundball, 5S, EV 73.8 MPH) (infield hit)
Richello Oliva scores
Roger Dorn to second
Batting: LHB George Runnalls 0-0: Fly out, F8 (Line Drive, 8RD, EV 90.0 MPH)
Top of the 6th over - 2 runs, 4 hits, 0 errors, 2 left on base; Monongahela 2 - Sunset District 3
BOTTOM OF THE 6TH
Sunset District Fog batting - Pitching for Monongahela Monsters : RHP Ean Somoza
Batting: LHB Jorge Peniche 0-0: Ground out 4-3 (Groundball, 4, EV 100.0 MPH)
Batting: SHB Yoshitaka Yoshida 0-0: Foul Ball, location: 2F
0-1: Swinging Strike
0-2: Foul Ball, location: 2F
0-2: Ball
1-2: Foul Ball, location: 2F
1-2: Foul Ball, location: 2F
1-2: Ball
2-2: Fly out, F8 (Flyball, 8RS, EV 86.9 MPH)
Batting: RHB Nicodemo Nardone 0-0: Ball
1-0: Foul Ball, location: 2F
1-1: Ball
2-1: Foul Ball, location: 2F
2-2: Ball
3-2: Strikes out swinging
Bottom of the 6th over - 0 runs, 0 hits, 0 errors, 0 left on base; Monongahela 2 - Sunset District 3
TOP OF THE 7TH
Monongahela Monsters batting - Pitching for Sunset District Fog : RHP Mark Walker
Batting: RHB Colt Allen 0-0: Swinging Strike
0-1: Ball
1-1: Foul Ball, location: 2F
1-2: SINGLE (Flyball, 89S, EV 89.4 MPH)
Batting: SHB Ron Carlisle 0-0: Foul Ball, location: 2F
0-1: Called Strike
0-2: Foul Ball, location: 2F
0-2: Ball
1-2: SINGLE (Line Drive, 8LS, EV 93.1 MPH)
Colt Allen to second
Runner from 2nd tries for 3rd, SAFE, no throw by CF
Pitching: LHP Nick Joseph
Batting: LHB Abraham Ruenuitz 0-0: Ball
1-0: Ball
2-0: Called Strike
2-1: Ball
3-1: Base on Balls
Ron Carlisle to second
Batting: LHB António Muñóz 0-0: Foul Ball, location: 2F
0-1: Swinging Strike
0-2: Ball
1-2: Strikes out swinging
Batting: RHB Román García 0-0: Called Strike
0-1: Ball
1-1: Fly out, F7 (Flyball, 7LM, EV 88.1 MPH)
Runner from 3rd tags up, SCORES, no throw by LF
Batting: RHB Richello Oliva 0-0: Called Strike
0-1: Ball
1-1: Foul Ball, location: 2F
1-2: Fly out, F9 (Flyball, 9S, EV 94.4 MPH)
Top of the 7th over - 1 run, 2 hits, 0 errors, 2 left on base; Monongahela 3 - Sunset District 3
BOTTOM OF THE 7TH
Sunset District Fog batting - Pitching for Monongahela Monsters : RHP Ean Somoza
Pitching: RHP Phil Steur
Batting: RHB Denis Taylor 0-0: Ball
1-0: Called Strike
1-1: Ball
2-1: Swinging Strike
2-2: Foul Ball, location: 2F
2-2: Strikes out looking
Batting: LHB Dallas Ihde 0-0: Ball
1-0: Ball
2-0: Foul Ball, location: 2F
2-1: Fly out, F8 (Flyball, 8RXD, EV 90.0 MPH)
Batting: RHB A.T. Tappman 0-0: Ball
1-0: Ground out 6-3 (Groundball, 6M, EV 97.5 MPH)
Bottom of the 7th over - 0 runs, 0 hits, 0 errors, 0 left on base; Monongahela 3 - Sunset District 3
TOP OF THE 8TH
Monongahela Monsters batting - Pitching for Sunset District Fog : LHP Nick Joseph
Batting: SHB Roger Dorn 0-0: Called Strike
0-1: Ball
1-1: Fly out, F8 (Flyball, 8LXD, EV 96.2 MPH)
Batting: RHB Li-ren Ku 0-0: Called Strike
0-1: Ball
1-1: Ground out 6-3 (Groundball, 6, EV 78.8 MPH)
Batting: LHB George Runnalls 0-0: Ball
1-0: Ball
2-0: Ground out 6-3 (Groundball, 6, EV 83.8 MPH)
Top of the 8th over - 0 runs, 0 hits, 0 errors, 0 left on base; Monongahela 3 - Sunset District 3
BOTTOM OF THE 8TH
Sunset District Fog batting - Pitching for Monongahela Monsters : RHP Phil Steur
Batting: LHB Dan Hines 0-0: Ground out 6-3 (Groundball, 6MS, EV 91.2 MPH)
Batting: LHB Flint Myers 0-0: Foul Ball, location: 2F
0-1: Ball
1-1: Ball
2-1: Foul Ball, location: 2F
2-2: SOLO HOME RUN (Line Drive, 9D, EV 105.0 MPH), Distance : 396 ft
Pitching: RHP Javier Solís
Batting: LHB Juan Fuentes 0-0: Foul Ball, location: 2F
0-1: Fly out, F5 (Popup, 56, EV 61.9 MPH)
Batting: LHB Jorge Peniche 0-0: Fly out, F8 (Flyball, 8RD, EV 96.9 MPH)
Bottom of the 8th over - 1 run, 1 hit, 0 errors, 0 left on base; Monongahela 3 - Sunset District 4
TOP OF THE 9TH
Monongahela Monsters batting - Pitching for Sunset District Fog : LHP Nick Joseph
Now in LF: Rafael Bregonzi
Batting: RHB Colt Allen 0-0: Called Strike
0-1: SINGLE (Groundball, 56S, EV 71.9 MPH) (infield hit)
Batting: SHB Ron Carlisle 0-0: Called Strike
0-1: Foul Ball, location: 2F
0-2: Ball
1-2: Strikes out looking
Pinch Hitting: RHB Roger Snodgrass 0-0: Called Strike
0-1: Ball
1-1: Foul Ball, location: 2F
1-2: Ball
2-2: Strikes out swinging
Pinch Hitting: RHB Koi-sho Xú 0-0: Ball
1-0: Ball
2-0: Ball
3-0: Base on Balls
Colt Allen to second
Batting: RHB Román García 0-0: Called Strike
0-1: Fly out, F8 (Flyball, 78S, EV 92.5 MPH)
Top of the 9th over - 0 runs, 1 hit, 0 errors, 2 left on base; Monongahela 3 - Sunset District 4
Friday, March 26th, 2021 - OOTP Baseball 20.8 Build 74